Map: 포트 알렉산더 - 래더

Players

BratOK (Brat_OK)

  • Race: Terran Terran
  • Spawn Location: 5:00

Dear - Winner!

  • Race: Protoss Protoss
  • Spawn Location: 11:00

Event: IEM Season 13: Katowice (2019)

VOD

Have the link to the VOD?

Description

Time

  • Played on: Feb. 25, 2019, 4:29 a.m.
  • Length: 8:31

All games in this series

Show
View Real Time Build Order
Export as new Build Order

BratOK Terran 

Build Orders: Liberator Opening 

Get SALT Encoding   

  12  0:01  SCV  
  13  0:13  SCV  
  14  0:18  Supply Depot  
  14  0:25  SCV  
  15  0:39  SCV  
  15  0:41  Barracks  
  16  0:45  Refinery  
  16  0:51  SCV  
  17  1:04  SCV  
  18  1:16  SCV  
  19  1:28  Orbital Command, Marine  
  20  1:46  Command Center  
  20  1:55  Factory  
  20  1:57  SCV  
  21  2:04  Refinery  
  21  2:06  Barracks Reactor  
  21  2:10  SCV  
  22  2:16  Supply Depot  
  22  2:22  SCV  
  23  2:29  Bunker  
  23  2:38  SCV  
  23  2:40  Starport  
  24  2:44  Marine  
  24  2:45  Marine  
  28  2:51  Hellion  
  28  2:58  Orbital Command  
  28  3:04  SCV  
  29  3:17  Hellion, Medivac  
  33  3:20  Marine x2  
  33  3:23  SCV  
  33  3:24  SCV  
  37  3:30  Supply Depot  
  37  3:35  Liberator, SCV  
  37  3:38  Hellion  
  37  3:40  Marine x2  
  42  3:54  SCV x2  
  42  3:55  Supply Depot  
  47  3:58  Supply Depot  
  43  4:12  Factory Tech Lab  
  42  4:20  Marine x2  
  43  4:24  SCV  
  43  4:25  SCV  
  45  4:37  SCV  
  45  4:38  SCV  
  45  4:45  Marine x2, Siege Tank  
  46  4:49  SCV  
  46  4:50  SCV  
  48  4:53  Viking  
  50  5:01  SCV  
  50  5:02  SCV  
  50  5:05  Marine x2  
  54  5:13  SCV  
  55  5:14  SCV  
  55  5:21  Siege Tank  
  59  5:25  SCV  
  59  5:28  Barracks  
  53  5:29  Barracks, Viking  
  53  5:31  Marine x2  
  52  5:36  SCV  
  52  5:37  SCV  
  50  5:48  SCV  
  50  5:49  Engineering Bay, Marine  
  51  5:56  Marine  
  52  6:02  Viking  
  52  6:03  SCV  
  53  6:06  SCV  
  53  6:07  Marine  
  55  6:12  Refinery  
  55  6:13  Supply Depot  
  55  6:16  SCV  
  56  6:18  Missile Turret  
  56  6:19  SCV  
  56  6:22  Barracks Tech Lab  
  57  6:27  Missile Turret  
  57  6:28  SCV  
  57  6:29  Factory Reactor  
  57  6:31  SCV  
  58  6:37  Viking, Marine  
  58  6:38  Marine x2  
  63  6:40  SCV  
  63  6:43  SCV  
  65  6:48  Supply Depot, Combat Shield  
  65  6:50  Marine  
  65  6:52  SCV  
  67  6:55  Marine x2, SCV  
  67  6:56  Marine  
  70  7:04  SCV  
  70  7:05  Supply Depot  
  70  7:07  Marine, SCV  
  77  7:08  Widow Mine x2  
  77  7:13  Marine  
  78  7:16  Viking, SCV  
  78  7:21  Supply Depot  
  81  7:24  Marauder  
  81  7:25  Marine  
  81  7:26  Marauder  
  86  7:33  Supply Depot  
  86  7:34  Widow Mine x2  
  90  7:37  SCV x2  
  90  7:40  Marine  
  90  7:43  Marine  
  94  7:47  Marauder x2  
  98  7:55  Supply Depot  
  98  7:58  Widow Mine x2  
  100  8:06  Marine  
  100  8:07  Marine  
Show
View Real Time Build Order
Export as new Build Order

Dear Protoss - Winner!

Build Orders: 1 Gate Expand, Oracle Opening, Phoenix Opening 

Get SALT Encoding   

  12  0:00  Probe  
  13  0:12  Probe  
  14  0:18  Pylon  
  14  0:24  Probe  
  15  0:32  Probe  
  15  0:37  Gateway  
  15  0:40  Probe  
  16  0:46  Assimilator  
  17  0:51  Probe  
  18  1:03  Probe  
  19  1:15  Probe  
  20  1:23  Nexus  
  20  1:35  Cybernetics Core  
  20  1:37  Probe  
  21  1:42  Assimilator  
  20  1:49  Probe  
  20  1:53  Pylon  
  18  2:01  Probe, Adept  
  22  2:13  Probe  
  25  2:18  Stargate  
  25  2:25  Probe  
  25  2:27  Warp Gate  
  26  2:31  Adept  
  26  2:32  Probe  
  26  2:33  Probe  
  29  2:40  Probe  
  29  2:41  Probe  
  30  2:50  Probe  
  32  2:52  Oracle, Probe  
  34  3:02  Probe  
  34  3:04  Probe  
  39  3:07  Adept  
  41  3:14  Probe  
  41  3:16  Probe  
  41  3:19  Pylon  
  43  3:26  Probe  
  44  3:28  Probe  
  45  3:36  Phoenix  
  45  3:38  Probe  
  45  3:40  Probe  
  49  3:43  Gateway  
  49  3:45  Gateway  
  49  3:50  Probe  
  49  3:52  Probe  
  49  3:53  Phoenix  
  53  4:03  Pylon  
  53  4:10  Nexus  
  53  4:15  Phoenix  
  53  4:19  Probe  
  53  4:21  Probe  
  53  4:23  Assimilator  
  57  4:25  Assimilator  
  57  4:27  Pylon  
  57  4:31  Probe  
  57  4:33  Phoenix, Probe  
  59  4:43  Probe  
  62  4:50  Adept x3  
  62  4:51  Probe  
  69  4:55  Probe  
  69  4:57  Pylon  
  70  5:07  Forge  
  70  5:09  Twilight Council  
  70  5:15  Phoenix, Probe x2  
  70  5:20  Zealot x2  
  77  5:25  Protoss Ground Weapons Level 1, Blink  
  74  5:29  Probe x2  
  74  5:31  Probe  
  74  5:34  Phoenix  
  77  5:41  Probe x2  
  77  5:44  Probe  
  78  5:53  Probe x2  
  78  5:56  Probe  
  81  6:02  Stalker x3  
  85  6:04  Pylon  
  85  6:05  Probe  
  85  6:10  Probe x2  
  88  6:14  Gateway  
  88  6:16  Gateway  
  88  6:17  Gateway, Probe  
  89  6:21  Gateway  
  89  6:23  Gateway  
  89  6:25  Robotics Facility  
  89  6:30  Probe x3  
  92  6:35  Sentry x2  
  92  6:36  Sentry  
  92  6:38  Assimilator  
  92  6:39  Assimilator  
  98  6:43  Probe  
  98  6:44  Probe x2  
  98  6:46  Pylon  
  101  6:47  Pylon  
  101  6:52  Pylon  
  101  6:54  Photon Cannon  
  101  7:06  Stalker x3  
  107  7:09  Stalker  
  107  7:10  Stalker  
  107  7:11  Stalker  
  113  7:16  Pylon  
  113  7:20  Observer  
  114  7:26  Pylon  
  114  7:30  Stalker  
  114  7:31  Stalker x4  
  124  7:38  Pylon  
  124  7:41  Immortal  
  124  7:42  Zealot x2  
  132  7:55  Zealot x4  
  140  8:01  Pylon x2  
  140  8:19  Zealot x6  
  152  8:20  Zealot  
  152  8:21  Zealot  

Tags
 
Add a new tag
Caveats
  • Supply blocks, unpowered buildings, or Contaminate may cause inaccurate times.
  • Supply counts are checked every 10 seconds.